 Dungeon Crawl Stone Soup version 0.26.0-15-gc6cd9f700b (webtiles) character file.

Game seed: 7797212429270857366

14404 pkoi the Grappler (level 11, -2/97 (101) HPs)
             Began as a Minotaur Fighter on Jan 15, 2021.
             Was a Believer of Ashenzari.
             Slain by a six-headed hydra (5 damage)
             ... on level 2 of the Lair of Beasts.
             The game lasted 00:14:22 (13677 turns).

pkoi the Grappler (Minotaur Fighter)               Turns: 13677, Time: 00:14:23

HP:   -2/97 (101)   AC: 13    Str: 24    XL:     11   Next: 88%
MP:   10/10         EV:  9    Int:  5    God:    Ashenzari [**....]
Gold: 669           SH: 18    Dex: 10    Spells: 10/10 levels left

rFire    . . .     SeeInvis .     - Unarmed
rCold    . . .     Faith    .   b - +1 kite shield
rNeg     . . .     Spirit   .   a - +0 scale mail
rPois    .         Reflect  +   (helmet restricted)
rElec    .         Harm     .   s - +2 cloak {Stlth+}
rCorr    +         Rampage  .   F - +0 pair of gloves
Will     .....                  (no boots)
Stlth    ..........             m - amulet of reflection
HPRegen  0.26/turn              i - ring of resist corrosion
MPRegen  0.12/turn              (no ring)

@: lightly drained
A: retaliatory headbutt, horns 2
a: Renounce Religion, Curse Item, Scrying


You were on level 2 of the Lair of Beasts.
You worshipped Ashenzari.
Ashenzari was pleased with you.
You visited 3 branches of the dungeon, and saw 13 of its levels.

You collected 871 gold pieces.
You spent 202 gold pieces at shops.

Inventory:

Missiles
 f - 35 poisoned darts (quivered)
 r - 16 javelins
 C - 5 curare-tipped darts
Armour
 a - a +0 scale mail (worn)
 b - a +1 kite shield (worn)
 s - a +2 cloak of stealth (worn)
 F - a +0 pair of gloves (worn)
Jewellery
 d - an uncursed ring of ice
 i - a ring of resist corrosion (left hand)
 m - an amulet of reflection (around neck)
 w - an uncursed amulet of regeneration
 x - an uncursed ring of protection from fire
Wands
 n - a wand of paralysis (7)
 v - a wand of polymorph (10)
 y - a wand of random effects (8)
Scrolls
 e - a scroll of fog
 h - 2 scrolls of enchant weapon
 j - 5 scrolls of identify
 p - 2 scrolls of remove curse
 A - a scroll of magic mapping
 B - a scroll of blinking
 D - 2 scrolls of random uselessness {unknown}
 E - a scroll of fear {unknown}
 H - a scroll of teleportation
Potions
 c - 2 potions of might
 g - 2 potions of invisibility
 k - 2 potions of curing
 l - 2 potions of ambrosia
 o - 3 potions of mutation
 q - 2 potions of flight
 t - 2 potions of haste
 u - 2 potions of heal wounds
 z - a potion of attraction
 G - a potion of magic


   Skills:
 - Level 10.8 Fighting
 + Level 4.3 Throwing
 - Level 9.9 Armour
 + Level 10.9 Shields
 + Level 13.1 Unarmed Combat


You had 10 spell levels left.
You didn't know any spells.
Your spell library contained the following spells:

 Spells                   Type           Power        Failure   Level
 Animate Skeleton         Necr           0%           88%         1
 Apportation              Tloc           0%           88%         1
 Corona                   Hex            0%           88%         1
 Magic Dart               Conj           0%           88%         1
 Summon Small Mammal      Summ           0%           88%         1
 Blink                    Tloc           N/A          96%         2
 Call Imp                 Summ           0%           96%         2
 Slow                     Hex            0%           96%         2
 Conjure Flame            Conj/Fire      0%           99%         3
 Mephitic Cloud           Conj/Pois/Air  0%           99%         3
 Leda's Liquefaction      Hex/Erth       0%           100%        4
 Bolt of Magma            Conj/Fire/Erth 0%           100%        5
 Summon Demon             Summ           0%           100%        5
 Summon Forest            Summ/Tloc      0%           100%        5
 Summon Mana Viper        Hex/Summ       0%           100%        5
 Iron Shot                Conj/Erth      0%           100%        6
 Shadow Creatures         Summ           N/A          100%        6
 Statue Form              Tmut/Erth      0%           100%        6
 Summon Hydra             Summ           0%           100%        7
 Shatter                  Erth           0%           100%        9


Dungeon Overview and Level Annotations

Branches:
Dungeon (10/15)            Temple (1/1) D:7            Lair (2/6) D:10
    Orc (0/2) D:10
  Swamp: Lair:2-4    Shoals: Lair:2-4     Snake: Lair:2-4    Spider: Lair:2-4

Altars:
Ashenzari
Cheibriados
Dithmenos
Elyvilon
Fedhas
Gozag
Hepliaklqana
Kikubaaqudgha
Makhleb
Nemelex Xobeh
Okawaru
Qazlal
Ru
Sif Muna
Trog
Uskayaw
Vehumet
Wu Jian
Xom
Yredelemnul
Zin
The Shining One

Shops:
D:5 (:*?*   D:10 (

Annotations:
D:7 2 transporters, trckry's ghost, novice VSCj
D:8 1 runed translucent door, Tocho's ghost, novice HuFi
Lair:1 2 runed translucent doors, Dunwar's ghost, journeyman GnCK
Lair:2 exclusion: oklob plant


Innate Abilities, Weirdness & Mutations

You reflexively headbutt those who attack you in melee.
You have a pair of horns on your head.


Message History

The six-headed hydra bites you!
* * * LOW HITPOINT WARNING * * *
You block the six-headed hydra's attack.
The six-headed hydra bites you but does no damage.
The hell rat barely misses you. You furiously retaliate!
You headbutt the hell rat, but do no damage.
You hit the six-headed hydra.
The six-headed hydra is almost dead.
The six-headed hydra barely misses you.
You block the six-headed hydra's attack. x3
The six-headed hydra barely misses you. The six-headed hydra bites you!
* * * LOW HITPOINT WARNING * * *
Unknown command.
You hit the six-headed hydra.
The six-headed hydra is almost dead.
The hell rat barely misses you. The six-headed hydra bites you.
* * * LOW HITPOINT WARNING * * *
You block the six-headed hydra's attack. x3
The six-headed hydra bites you.
You die...

, , * , * , , , , .. *
* , , * ** ..,* ** , *
# ,###.. *, , #,
.#####.##.... , . #.
#.....##.#.... , ,
...##.#*#.#........#..>
* *
......†##.##.P..#...##*
* *,,
#.D@.............### ,
##r†....#.#.........
........##.#....#..#..
,
..##.#...##.†....##.##.
, ,
##............#...#.
..................#. *
.##...#.##P....##...#
...........#....... *
##########.###.##.


You could see a six-headed hydra and a hell rat.

Vanquished Creatures
  Harold (D:9)
  A two-headed ogre (D:8)
  Pikel (D:8)
  An orc knight (D:10)
  2 black mambas (Lair:1)
  5 cane toads
  Maggie (D:8)
  3 komodo dragons
  A kobold demonologist (D:9)
  A tengu conjurer (D:9)
  A rime drake (Lair:2)
  2 hellwings (D:9)
  A hornet (D:9)
  5 blink frogs
  A meliai zombie (D:9)
  2 yaks (D:8)
  3 basilisks
  3 wyverns
  2 water moccasins
  A swamp drake (D:10)
  An orc warrior (D:10)
  3 ice beasts
  3 sky beasts
  A hornet zombie (D:9)
  2 ogres
  2 phantoms
  4 wolves (Lair:1)
  A necrophage (D:10)
  2 centaurs
  2 big kobolds (D:8)
  6 bullfrogs
  A water moccasin zombie (D:9)
  2 wyvern skeletons
  3 scorpions
  4 wights
  A howler monkey (D:9)
  An electric eel (D:8)
  A bullfrog zombie (D:9)
  5 centaur zombies
  4 hounds
  5 orc priests
  A jelly (D:6)
  A wyvern simulacrum (D:8)
  2 orc wizards
  A bullfrog skeleton (D:4)
  A centaur skeleton (D:6)
  2 iguanas
  3 worker ants
  17 hell rats
  2 bullfrog simulacra (D:8)
  A hound zombie (D:8)
  2 worker ant zombies
  A howler monkey skeleton (D:9)
  7 gnolls
  12 adders
  11 river rats (Lair:1)
  5 shadow imps
  8 white imps
  A howler monkey simulacrum (D:8)
  3 ufetubi
  2 oozes
  An adder zombie (D:9)
  An adder skeleton (D:6)
  6 worms
  A dart slug (D:1)
  6 leopard geckos
  16 orcs
  3 giant cockroaches
  11 goblins
  12 hobgoblins
  18 jackals
  15 kobolds
  13 quokkas
  2 ball pythons
  7 bats
  5 frilled lizards
  13 rats
305 creatures vanquished.

Vanquished Creatures (others)
  7 fungi (Lair:2)
  4 plants (Lair:2)
  6 withered plants (D:9)
17 creatures vanquished.

Grand Total: 322 creatures vanquished

Notes
Turn   | Place    | Note
-------+----------+-------------------------------------------
     0 | D:1      | pkoi the Minotaur Fighter began the quest for the Orb.
     0 | D:1      | Reached XP level 1. HP: 19/19 MP: 0/0
   206 | D:1      | Reached skill level 3 in Unarmed Combat
   226 | D:1      | Reached XP level 2. HP: 15/26 MP: 1/1
  1225 | D:2      | Reached XP level 3. HP: 31/31 MP: 2/2
  1247 | D:2      | Reached skill level 4 in Unarmed Combat
  1402 | D:2      | Noticed a centaur
  1411 | D:2      | Killed a centaur
  1412 | D:2      | Reached skill level 5 in Unarmed Combat
  1412 | D:2      | Reached XP level 4. HP: 29/39 MP: 3/3
  1658 | D:2      | Reached XP level 5. HP: 42/45 MP: 4/4
  1936 | D:2      | Reached skill level 6 in Unarmed Combat
  2777 | D:4      | Reached skill level 7 in Unarmed Combat
  2777 | D:4      | Reached XP level 6. HP: 45/51 MP: 5/5
  2921 | D:4      | Reached skill level 8 in Unarmed Combat
  3638 | D:5      | Entered Level 5 of the Dungeon
  3652 | D:5      | Reached XP level 7. HP: 53/57 MP: 6/6
  3715 | D:5      | Found Sanol's Assorted Antiques.
  3727 | D:5      | Reached skill level 9 in Unarmed Combat
  4246 | D:5      | Found Nogizusch's Magic Scroll Emporium.
  4330 | D:5      | Found Dudil's Weapon Boutique.
  4392 | D:5      | Found a stormy altar of Qazlal.
  4464 | D:5      | Found Temao's Book Shoppe.
  4590 | D:5      | Found Robb's Assorted Antiques.
  4595 | D:5      | Bought an embroidered cloak for 202 gold pieces
  4641 | D:5      | Found a radiant altar of Vehumet.
  4731 | D:6      | Reached XP level 8. HP: 66/66 MP: 7/7
  4740 | D:6      | Reached skill level 10 in Unarmed Combat
  5630 | D:6      | Reached skill level 5 in Fighting
  5630 | D:6      | Reached skill level 5 in Armour
  5630 | D:6      | Reached skill level 5 in Shields
  5896 | D:7      | Noticed trckry's ghost (novice VSCj)
  5903 | D:7      | Found a staircase to the Ecumenical Temple.
  5914 | Temple   | Entered the Ecumenical Temple
  6032 | Temple   | Became a worshipper of Ashenzari the Shackled
  6124 | D:7      | Found a transporter.
  6451 | D:7      | Found a transporter.
  7052 | D:8      | Noticed a two-headed ogre
  7199 | D:8      | Found a shimmering blue altar of Sif Muna.
  7199 | D:8      | Noticed Maggie
  7253 | D:8      | Reached XP level 9. HP: 75/75 MP: 8/8
  7687 | D:8      | Killed Maggie
  7805 | D:8      | Found an iron altar of Okawaru.
  7907 | D:8      | Found a shadowy altar of Dithmenos.
  7968 | D:8      | Killed a two-headed ogre
  7969 | D:8      | Reached skill level 11 in Unarmed Combat
  8065 | D:8      | Found a burning altar of Makhleb.
  8065 | D:8      | Noticed an Executioner
  8478 | D:8      | Found a runed translucent door.
  8478 | D:8      | Noticed Tocho's ghost (novice HuFi)
  8581 | D:8      | Noticed a centaur warrior
  8622 | D:9      | Noticed Harold
  8694 | D:9      | Noticed a kobold demonologist
  8713 | D:9      | Noticed an orange demon
  8715 | D:9      | Killed a kobold demonologist
  8732 | D:9      | Reached XP level 10. HP: 77/88 MP: 9/9
  9128 | D:9      | Noticed Pikel
  9164 | D:8      | Killed Pikel
  9239 | D:9      | Killed Harold
  9240 | D:9      | Reached skill level 12 in Unarmed Combat
  9557 | D:9      | Found a bloodstained altar of Trog.
  9629 | D:9      | Reached * piety under Ashenzari
  9649 | D:9      | Found a blossoming altar of Fedhas.
 10059 | D:10     | Entered Level 10 of the Dungeon
 10080 | D:10     | Found Nipaihel's Weapon Shoppe.
 10083 | D:10     | Noticed an orc knight
 10096 | D:10     | Reached XP level 11. HP: 97/97 MP: 10/10
 10126 | D:10     | Killed an orc knight
 10305 | D:10     | Found a staircase to the Orcish Mines.
 10389 | D:10     | Found a stormy altar of Qazlal.
 10806 | D:10     | Reached skill level 1 in Throwing
 10861 | D:10     | Found a staircase to the Lair.
 11179 | Lair:1   | Entered Level 1 of the Lair of Beasts
 11283 | Lair:1   | Reached skill level 10 in Fighting
 11283 | Lair:1   | Reached skill level 10 in Shields
 12533 | Lair:1   | Reached ** piety under Ashenzari
 12824 | Lair:1   | Found a large runed translucent door.
 12824 | Lair:1   | Found a large runed translucent door.
 12890 | Lair:1   | Noticed Dunwar's ghost (journeyman GnCK)
 13071 | Lair:1   | Reached skill level 13 in Unarmed Combat
 13579 | Lair:2   | Noticed an oklob plant
 13660 | Lair:2   | Noticed a six-headed hydra
 13677 | Lair:2   | HP: 3/97 [six-headed hydra (4)]
 13677 | Lair:2   | Slain by a six-headed hydra

Illustrated notes

Levels and vault maps discovered:
D:1:      lemuel_arrival_behind_the_door_small, layout_basic,
          amcnicky_mini_pool_small, minmay_misc_feat_diagonals,
          hangedman_decor_clover_reticule
D:2:      layout_loops_ring, minmay_tromino_i4
D:3:      layout_rooms, minmay_misc_feat_ornament
D:4:      layout_loops_corners, palyth_stone_intersect
D:5:      layout_rooms, lemuel_coloured_pillars_altar, lemuel_doored_altar,
          serial_shops, shop, kennysheep_mini_moat, shop, shop,
          kennysheep_little_box
D:6:      layout_layer_cave
D:7:      layout_loops_corners, temple_fountains, gammafunk_ghost_stat_death,
          corexii_leaking_fountain, minmay_strange_pillars
D:8:      layout_cave_pools, makhleb_altar_promises_db,
          kennysheep_okawaru_gauntlet, nicolae_overflow_hidden_temple,
          ebering_ghost_inner_flame, serial_ice, serial_ice_b, serial_ice_l,
          serial_ice_e, serial_ice_o, nicolae_dithmenos_through_a_glass_darkly,
          uniq_maggie
D:9:      cheibrodos_grave_circle, layout_small_grid, old_standard_altar,
          marbit_many_paths, minmay_diamond_spiral, uniq_harold, uniq_pikel
D:10:     layout_rooms, erik_lair_dragon, orc_david_3, basic_altar
Temple:   regret_index_temple_waves
Lair:1:   lemuel_ratsnest, layout_regular_city, ebering_ghost_disaster_area,
          lemuel_fruit_tree
Lair:2:   layout_loops_ring, lemuel_fruit_fields, infiniplex_staircase_pool,
          minmay_lair_oklob_chamber, grunt_megastairs_5

Skill      XL: |  1  2  3  4  5  6  7  8  9 10 11 |
---------------+----------------------------------+-----
Unarmed Combat | 3 5 7 8 9 10 11 12 13 | 13.1
Fighting       | 4 5 7 9 10 | 10.8
Armour         | 4 5 7 9 |  9.9
Shields        | 4 5 7 9 10 | 10.9
Throwing       | 4 |  4.3

Action                   |  1- 3 |  4- 6 |  7- 9 | 10-12 || total
-------------------------+-------+-------+-------+-------++-------
Melee: Unarmed           |    92 |   187 |   291 |   494 ||  1064
       Headbutt          |    10 |    32 |    57 |    89 ||   188
Throw: Dart              |       |       |    14 |       ||    14
  Use: Scroll            |       |       |    14 |     2 ||    16
       Potion            |       |       |     3 |     4 ||     7
Armor: Scale mail        |    45 |    49 |    66 |    77 ||   237
Dodge: Dodged            |    25 |    39 |    52 |    67 ||   183
Block: Kite shield       |    51 |    99 |   188 |   409 ||   747
       Reflection        |       |       |     8 |     8 ||    16
